 Dungeon Crawl Stone Soup version 0.29.1-15-g9cfb28693d (webtiles) character file.

Game seed: 468778705992296910

486800 Zippel the Peltast (level 23, -1/193 HPs)
             Began as a Demonspawn Wanderer on Apr 8, 2023.
             Was a High Priest of Okawaru.
             Engulfed by a cloud of freezing vapour (4 damage)
             ... on level 2 of the Tomb of the Ancients on Apr 14, 2023.
             The game lasted 16:18:38 (55499 turns).

Zippel the Peltast (Demonspawn Wanderer)           Turns: 55499, Time: 16:18:38

Health: -1/193     AC: 36    Str: 19 (22) XL:     23   Next: 51%
Magic:  0/48       EV: 23    Int: 16 (19) God:    Okawaru [*****.]
Gold:   6818       SH:  0    Dex: 29      Spells: 15/46 levels left

rFire   + + +      SeeInvis +   k - +4 hand crossbow "Fitit" {penet, rF+ Will+ Str+4}
rCold   + + .      Faith    .   S - +5 kite shield {AC+3}
rNeg    + + +      Spirit   +   n - +4 scale mail of Ximomera {*Slow rF+++ rC+++ Regen+}
rPois   +          Reflect  .   o - +3 helmet of the Prince of Darkness {Fly rC- Int+5}
rElec   +          Harm     .   (cloak unavailable)
rCorr   +          Rampage  .   r - +2 pair of gloves {Dex+3}
Will    ++...                   X - +1 pair of boots of Resilience {*Slow Fly rCorr Dex+4}
Stlth   +.........              J - amulet of Cecouth {rN+ Regen+ Dex+3}
HPRegen 2.02/turn               M - ring of Epseybeci {rElec rN+++ Will+ MP+9 Dex-2}
MPRegen 0.62/turn               s - ring "Pumuf" {+Blink rPois Dex+3 SInv}

@: confused, about to teleport, weak-willed, ambrosia-drunk, flayed, flying,
slowed, very slow
A: icemail 2, magic shield, magic regeneration, magic link, sturdy frame 2,
condensation shield, corrupting presence 1, weakness stinger 3, strong-willed 1,
robust 1, MP-powered wands
}: 3/15 runes: decaying, slimy, gossamer
a: Renounce Religion, Evoke Blink, Heroism, Finesse, Duel


You were on level 2 of the Tomb of the Ancients.
You worshipped Okawaru.
Okawaru was extremely pleased with you.
You visited 11 branches of the dungeon, and saw 45 of its levels.
You also visited: Sewer, Gauntlet and Ice Cave.

You collected 7521 gold pieces.
You spent 703 gold pieces at shops.

Inventory:

Hand Weapons
 d - the +7 quarterstaff "Keysechu" {elec, rF+ Int+9 Stlth-}
   (Okawaru gifted it to you on level 3 of the Pits of Slime)

   It occasionally discharges a powerful burst of electricity upon striking a
   foe.
   Int:       It affects your intelligence (+9).
   rF:        It protects you from fire.
   Stlth:     It makes you less stealthy.
 k - the +4 hand crossbow "Fitit" (weapon) {penet, rF+ Will+ Str+4}
   (Okawaru gifted it to you on level 3 of the Crypt)

   Any ammunition fired by it passes through the targets it hits, potentially
   hitting all targets in its path until it reaches maximum range.
   Str:       It affects your strength (+4).
   rF:        It protects you from fire.
   Will:      It increases your willpower.
 z - a +9 vorpal scimitar
Missiles
 m - 13 atropa-tipped darts
 w - 26 curare-tipped darts
 B - 8 datura-tipped darts
 L - 17 silver javelins
 R - 3 throwing nets
 U - 13 poisoned darts
Armour
 n - the +4 scale mail of Ximomera (worn) {*Slow rF+++ rC+++ Regen+}
   (You found it on level 4 of the Spider Nest)

   rF:        It renders you almost immune to fire.
   rC:        It renders you almost immune to cold.
   Regen:     It increases your rate of health regeneration.
   *Slow:     It may slow you when you take damage.
 o - the +3 helmet of the Prince of Darkness (worn) {Fly rC- Int+5}
   (Okawaru gifted it to you on level 10 of the Dungeon)

   Int:       It affects your intelligence (+5).
   rC:        It makes you vulnerable to cold.
   Fly:       It grants you flight.
 r - a +2 pair of gloves of dexterity (worn)
 D - the +5 tower shield "Feusm" {rC+}
   (Okawaru gifted it to you on level 3 of the Crypt)

   rC:        It protects you from cold.
 S - a +5 kite shield of protection (worn)
 X - the +1 pair of boots of Resilience (worn) {*Slow Fly rCorr Dex+4}
   (Okawaru gifted it to you on level 5 of the Lair of Beasts)

   Dex:       It affects your dexterity (+4).
   Fly:       It grants you flight.
   rCorr:     It protects you from acid and corrosion.
   *Slow:     It may slow you when you take damage.
Jewellery
 f - a ring of protection from fire
 s - the ring "Pumuf" (right hand) {+Blink rPois Dex+3 SInv}
   (You found it on level 3 of the Elven Halls)

   [ring of poison resistance]

   Dex:       It affects your dexterity (+3).
   rPois:     It protects you from poison.
   SInv:      It lets you see invisible.
   +Blink:    It lets you blink.
 J - the amulet of Cecouth (around neck) {rN+ Regen+ Dex+3}
   (You found it in an ice cave)

   [amulet of regeneration]

   Dex:       It affects your dexterity (+3).
   rN:        It protects you from negative energy.
   Regen:     It increases your rate of health regeneration.
 K - the ring of the Two Names {Str-5 Int+6 Dex+5}
   (You found it on level 3 of the Crypt)

   [ring of intelligence]

   Str:       It affects your strength (-5).
   Int:       It affects your intelligence (+6).
   Dex:       It affects your dexterity (+5).
 M - the ring of Epseybeci (left hand) {rElec rN+++ Will+ MP+9 Dex-2}
   (You found it on level 5 of the Pits of Slime)

   [ring of willpower]

   Dex:       It affects your dexterity (-2).
   rElec:     It insulates you from electricity.
   rN:        It renders you almost immune to negative energy.
   MP:        It affects your magic capacity (+9).
   Will:      It increases your willpower.
Wands
 g - a wand of mindburst (17)
 t - a wand of iceblast (26)
 v - a wand of flame (17)
 G - a wand of quicksilver (10)
 T - a wand of digging (1)
 Z - a wand of polymorph (6)
Scrolls
 a - 5 scrolls of immolation
 e - 12 scrolls of teleportation
 u - 3 scrolls of fear
 A - 5 scrolls of poison
 H - 2 scrolls of silence
 O - 4 scrolls of magic mapping
 P - a scroll of enchant armour
Potions
 b - 2 potions of invisibility
 c - 7 potions of lignification
 i - 7 potions of brilliance
 j - 5 potions of haste
 l - 3 potions of mutation
 p - 6 potions of magic
 x - a potion of might
 E - 4 potions of resistance
 F - 2 potions of ambrosia
 I - 9 potions of attraction
 N - 4 potions of berserk rage
 W - 5 potions of curing
 Y - 2 potions of cancellation
Miscellaneous
 h - a phial of floods
 q - a lightning rod (2/4)
 y - a tin of tremorstones (inert)
 Q - a condenser vane


   Skills:
 + Level 13.5 Fighting
 + Level 0.7(8.8) Short Blades
 + Level 13.7 Long Blades
 + Level 2.8(4.1) Maces & Flails
 + Level 1.6(3.4) Polearms
 + Level 4.6(5.2) Staves
 * Level 4.6 Ranged Weapons
 + Level 10.0 Throwing
 + Level 16.5 Armour
 + Level 12.2 Dodging
 + Level 4.8 Stealth
 + Level 16.7 Shields
 + Level 0.1 Unarmed Combat
 + Level 12.2 Spellcasting
 + Level 10.1 Conjurations
 * Level 6.5 Hexes
 + Level 6.2 Transmutations
 + Level 10.5 Ice Magic
 + Level 10.0 Air Magic
 + Level 10.5 Invocations
 + Level 7.9 Evocations


You had 15 spell levels left.
You knew the following spells:

 Your Spells              Type           Power      Damage    Failure   Level
a - Ozocubu's Armour      Ice            43%        N/A       1%          3
b - Hailstorm             Conj/Ice       42%        3d10      2%          4
c - Freezing Cloud        Conj/Ice/Air   21%        6-21      6%          5
d - Lightning Bolt        Conj/Air       21%        1d36      7%          5
e - Airstrike             Air            20%        2d(3-19)  2%          4
f - Frozen Ramparts       Ice            86%        1d13      1%          3
g - Wereblood             Tmut           29%        N/A       1%          2
h - Silence               Hex/Air        18%        N/A       14%         5

Your spell library contained the following spells:

 Spells                   Type           Power      Damage    Failure   Level
 Freeze                   Ice            100%       1d11      1%          1
 Magic Dart               Conj           100%       1d8       1%          1
 Slow                     Hex            100%       N/A       1%          1
 Ensorcelled Hibernation  Hex/Ice        74%        N/A       1%          2
 Dazzling Flash           Conj/Hex       72%        N/A       1%          3
 Poisonous Vapours        Pois/Air       50%        N/A       3%          2
 Confusing Touch          Hex            30%        N/A       3%          3
 Mephitic Cloud           Conj/Pois/Air  31%        N/A       3%          3
 Cause Fear               Hex            15%        N/A       11%         4
 Portal Projectile        Hex/Tloc       40%        N/A       12%         3
 Metabolic Englaciation   Hex/Ice        18%        N/A       13%         5
 Necrotise                Necr           36%        1d5       16%         1
 Flame Wave               Conj/Fire      26%        2d8       19%         4
 Iskenderun's Mystic Bla  Conj/Tloc      26%        2d7       19%         4
 Scorch                   Fire           18%        2d5       24%         2
 Sublimation of Blood     Necr           9%         N/A       24%         2
 Yara's Violent Unravell  Hex/Tmut       15%        3d8       30%         5
 Blade Hands              Tmut           14%        N/A       32%         5
 Corpse Rot               Necr/Pois/Air  20%        N/A       36%         4
 Anguish                  Hex/Necr       10%        N/A       38%         4
 Gell's Gravitas          Tloc           9%         N/A       43%         3
 Lesser Beckoning         Tloc           9%         N/A       43%         3
 Teleport Other           Tloc           9%         N/A       43%         3
 Vampiric Draining        Necr           9%         2d6       43%         3
 Olgreb's Toxic Radiance  Pois           9%         N/A       83%         4
 Passage of Golubria      Tloc           9%         N/A       83%         4
 Ozocubu's Refrigeration  Ice            21%        4d12      86%         7
 Agony                    Necr           9%         N/A       99%         5
 Dispersal                Tloc           4%         N/A       100%        6
 Eringya's Noxious Bog    Tmut/Pois      9%         N/A       100%        6
 Dragon Form              Tmut           14%        N/A       100%        7
 Disjunction              Tloc           4%         N/A       100%        8
 Ignition                 Fire           4%         3d4       100%        8
 Chain Lightning          Conj/Air       21%        3d28      100%        9
 Tukima's Dance           Hex            Unusable   N/A       N/A         3
 Summon Lightning Spire   Summ/Air       Unusable   N/A       N/A         4
 Call Imp                 Summ           Unusable   N/A       N/A         2
 Summon Forest            Summ/Tloc      Unusable   N/A       N/A         5
 Summon Cactus Giant      Summ           Unusable   N/A       N/A         6
 Summon Hydra             Summ           Unusable   N/A       N/A         7
 Dragon's Call            Summ           Unusable   N/A       N/A         9

Dungeon Overview and Level Annotations

Branches:
Dungeon (14/15)            Temple (1/1) D:7            Lair (5/5) D:10
  Swamp (4/4) Lair:2       Spider (4/4) Lair:3        Slime (5/5) Lair:5
    Orc (2/2) D:11            Elf (3/3) Orc:2        Vaults (2/5) D:14
  Crypt (3/3) Vaults:2       Tomb (2/3) Crypt:3       Sewer (visited)
  IceCv (visited)         Gauntlet (visited)

Altars:
Ashenzari
Cheibriados
Dithmenos
Fedhas
Gozag
Hepliaklqana
Kikubaaqudgha
Makhleb
Nemelex Xobeh
Okawaru
Qazlal
Ru
Sif Muna
Trog
Uskayaw
Vehumet
Wu Jian
Xom
Yredelemnul
Jiyva
Lugonu

Shops:
Orc:1 ?   Orc:2 (*=[   Vaults:1 *

Portals:
Abyss: D:6

Annotations:
Lair:1 Stash near entrance
Spider:1 Stash near entrance
Orc:2 Stash near elven halls
Elf:1 Stash near entrance
Crypt:1 Stash near entrance


Innate Abilities, Weirdness & Mutations

A meltable icy envelope protects you from harm. (AC +8)
When hurt, damage is shared between your health and your magic reserves.
You regenerate magic rapidly.
When low on magic, you restore magic in place of health.
Your movements are less encumbered by armour. (ER -4)
A meltable shield of frost defends you. (SH +4)
Your presence sometimes corrodes those you injure.
You have a sharp stinger which inflicts weakening toxins.
You are strong-willed. (Will+)
You are robust. (+10% HP)
You expend magic power (3 MP) to strengthen your wands.


Message History

The spectral anaconda is engulfed in freezing vapours.
The spectral anaconda seems to be corroded for longer.
The spectral anaconda grabs you. The spectral anaconda misses you.
The spectral anaconda constricts you.
You feel better.
You are engulfed in freezing vapours.
You resist.
* * * LOW HITPOINT WARNING * * *
The spectral anaconda loses its grip on you.
The spectral anaconda fades away!
The spectral spriggan defender is engulfed in freezing vapours.
You block the spectral spriggan defender's attack.
You block the bennu's attack. The bennu claws you but does no damage.
The bennu completely misses you.
The spectral spriggan defender is engulfed in freezing vapours.
You block the spectral spriggan defender's attack.
The phantasmal warrior is engulfed in freezing vapours.
The phantasmal warrior hits you!!
* * * LOW HITPOINT WARNING * * *
Your willpower is stripped away!
You block the vampire's attack.
The vampire bites you but does no damage.
You block the bennu's attack. The bennu completely misses you.
The bennu claws you but does no damage.
The ushabti shakes and rattles deafeningly! x2
The ushabti shakes and rattles.
The vile air hits the bennu but does no damage.
The vile air hits you but does no damage.
The mummy priest utters an invocation to its god.
The ushabti shakes and rattles deafeningly!
The spectral dire elephant is engulfed in freezing vapours.
The spectral spriggan defender is engulfed in freezing vapours.
Your corrupting presence corrodes the spectral spriggan defender!
The spectral spriggan defender misses you.
The vampire closely misses you.
The vampire bites you but does no damage.
The phantasmal warrior is engulfed in freezing vapours.
The phantasmal warrior barely misses you.
The mummy priest mumbles some strange prayers to its god.
The bennu pecks you but does no damage. The bennu closely misses you. x2
You are confused.
You feel invigorated.
You are engulfed in freezing vapours.
You resist.
You die...

#.....^^'........'......
#......^#.^.....^#......
#..^....#........#...^<.
#....###################
#^...#..........
#....#........M
#....#994..W####.
#....#.bVW..M...## #
#>...#W@z9M9MMZ... ### .
######§ZZWMMW9....##.##.
. #§§§§......##...W4#
....#.☼§○.^Z.M#...VWMMM
#^...'.○[○!..V#..^...W..
#....#.○..°.Z#9...VZ9M9M
#....#.....M.#.....W.z.B
#.^. #.......#.....BMb.M
##' #........#.°°...9..


You could see a revenant, a bennu, 4 mummy priests, a jiangshi (summoned), 3
flayed ghosts, a shadow wraith (summoned, invisible), a phantasmal warrior
(summoned, expiring), 2 guardian mummies, 6 ushabtiu, a spectral dire elephant
(summoned), a spectral quicksilver dragon (summoned), a spectral spriggan
defender (summoned, corroded), a chaos spawn (summoned), a vampire (summoned,
invisible), 3 mummies, a deep elf blademaster simulacrum (summoned) and an ettin
zombie.

Vanquished Creatures
  the Royal Jelly (Slime:5)
  Dissolution (Slime:2)
  An ancient lich (Crypt:3)
  Boris (Crypt:3)
  6 royal mummies
  A shard shrike (IceCv)
  Nikola (Vaults:1)
  A bone dragon (Crypt:1)
  2 doom hounds (Crypt:1)
  Arachne (Spider:3)
  A Tzitzimitl (Crypt:1)
  Zenata (Vaults:1)
  A tentacled monstrosity (Swamp:3)
  2 liches (Crypt:3)
  Asterion (Spider:1)
  3 deep elf blademasters
  Mlioglotl (Spider:4)
  2 deep elf master archers (Elf:3)
  Grunn (Crypt:1)
  22 acid blobs
  6 sphinxes
  Frances (D:13)
  Agnes (Elf:2)
  Kirke (Lair:4)
  5 ancient champions
  2 thorn hunters (Swamp:4)
  7 rockslimes
  5 revenants
  13 azure jellies
  A fenstrider witch (Swamp:2)
  A frost giant (D:12)
  4 deep elf sorcerers (Elf:3)
  5 emperor scorpions
  2 vault wardens (Vaults:2)
  An orc warlord (Orc:2)
  7 ironbound preservers
  3 curse skulls (Crypt:3)
  A juggernaut zombie (Crypt:3)
  3 ghost moths
  13 ghouls
  4 deep elf elementalists (Elf:3)
  A war gargoyle (Vaults:2)
  The ghost of kalagan the Eclecticist, a journeyman DECj of Sif Muna (Orc:1)
  15 quicksilver oozes
  2 deep elf demonologists (Elf:3)
  A broodmother (Spider:3)
  5 ironbound thunderhulks
  2 eleionomae
  A bennu (Tomb:2)
  13 deep elf annihilators
  9 vampire knights
  A white draconian (IceCv)
  7 bunyips
  2 spark wasps
  4 entropy weavers
  3 dire elephants (Vaults:1)
  2 putrid mouths (Crypt:1)
  Azrael (Spider:1)
  A minotaur (Gauntlet)
  A blizzard demon (Tomb:2)
  8 eidola
  20 mummy priests
  2 crystal guardians (D:14)
  8 deep elf death magi
  The ghost of Quickbrownfox the Frost Mage, a journeyman DsIE of Gozag (Lair:2)
  12 jiangshi
  3 yaktaur captains
  4 shambling mangroves
  Harold (Lair:2)
  6 boulder beetles
  Fannar (D:12)
  6 deep elf high priests (Elf:3)
  9 great orbs of eyes
  13 hydras
  3 ice dragons
  8 ghost crabs
  4 vault guards (Vaults:2)
  Erica (Lair:2)
  A quicksilver dragon skeleton (Crypt:3)
  4 jorogumos
  A catoblepas (Lair:5)
  A peacekeeper (Vaults:2)
  6 ironbound frosthearts
  2 radroaches
  3 two-headed ogres
  7 centaur warriors
  25 dancing weapons
  A deep troll shaman (Lair:5)
  2 death knights
  4 alligators
  4 orc high priests
  28 death scarabs
  3 vampire magi
  9 death yaks
  A spectral dire elephant (Crypt:3)
  Sonja (D:13)
  Nergalle (Lair:2)
  18 deep elf knights
  6 pharaoh ants
  A sun moth (Spider:2)
  5 goliath frogs
  39 skeletal warriors
  A spectral bunyip (Crypt:3)
  A ghost moth zombie (Crypt:2)
  The ghost of TangoThomas the Grave Robber, a novice DsAK of Lugonu (D:8)
  A storm dragon skeleton (Crypt:1)
  A glowing orange brain (Vaults:1)
  5 flayed ghosts
  21 orb spiders
  15 shadow wraiths
  26 deep trolls
  Lodul (D:10)
  5 bog bodies
  A spectral iron dragon (Crypt:3)
  9 spriggan druids
  5 steelbarb worms
  3 spectral hydras (Swamp:4)
  A spriggan simulacrum (Crypt:3)
  27 phantasmal warriors
  2 orange crystal statues
  8 swamp dragons
  18 deep elf archers
  9 lindwurms
  3 wizards
  8 ironbound convokers
  5 orc knights
  An anaconda skeleton (Crypt:3)
  5 harpies (Vaults:2)
  4 necromancers
  A fire giant zombie (Crypt:1)
  7 orc sorcerers
  32 ugly things
  A tengu skeleton (Vaults:2)
  31 deep elf zephyrmancers
  15 wolf spiders
  3 oklob plants (Swamp:4)
  32 deep elf pyromancers
  8 shining eyes
  3 manticores
  5 will-o-the-wisps
  A spectral centaur (Crypt:3)
  3 moths of wrath
  4 elephants (Lair:5)
  A spectral alligator snapping turtle (Crypt:3)
  A rust devil (Gauntlet)
  4 black mambas
  An alligator snapping turtle zombie (Crypt:1)
  A gargoyle (D:8)
  3 eyes of devastation
  2 apocalypse crabs (Swamp:1)
  8 vault sentinels
  A centaur zombie (Crypt:1)
  A naga zombie (Crypt:3)
  4 torpor snails
  A torpor snail (shapeshifter) (D:14)
  2 centaur skeletons
  A human zombie (Vaults:2)
  An ice statue (D:12)
  12 cane toads
  An unseen horror (shapeshifter) (D:13)
  An efreet (Swamp:1)
  A catoblepas zombie (Crypt:2)
  18 rime drakes
  4 kobold demonologists
  22 yaktaurs
  5 unseen horrors (Crypt:1)
  Maggie (D:8)
  9 demonic crawlers
  18 guardian mummies
  8 komodo dragons
  An orb spider zombie (Crypt:3)
  A harpy zombie (Crypt:1)
  A yaktaur skeleton (Vaults:2)
  A yellow draconian skeleton (Crypt:3)
  An entropy weaver simulacrum (Vaults:2)
  A hellwing (Swamp:1)
  A white draconian skeleton (Crypt:1)
  A queen bee (Spider:2)
  13 freezing wraiths
  3 hydra zombies (Swamp:4)
  4 meliai
  26 polar bears
  9 trolls
  A death drake zombie (Crypt:1)
  2 hydra skeletons (Swamp:4)
  111 slime creatures
  20 tarantellas
  16 hornets
  3 blink frogs (Lair:3)
  An ettin zombie (Crypt:1)
  6 tyrant leeches
  A hornet (shapeshifter) (Gauntlet)
  2 harpy skeletons
  2 death drake skeletons (Swamp:4)
  Prince Ribbit (D:5)
  6 dream sheep (Lair:5)
  19 flying skulls
  2 air elementals (Elf:3)
  13 spriggans
  A jumping spider (shapeshifter) (Gauntlet)
  23 jumping spiders
  An ettin skeleton (Crypt:3)
  A ynoxinul (Gauntlet)
  7 shadows (Crypt:3)
  11 wraiths
  2 wyverns
  3 water elementals
  Eustachio (D:6)
  8 ushabtiu
  19 culicivoras
  3 fire elementals
  44 yaks
  10 golden eyes
  3 humans (Lair:4)
  35 redbacks
  10 vampire mosquitoes
  4 basilisks
  A steam dragon (D:6)
  7 wargs
  A deep troll zombie (Crypt:2)
  22 swamp worms
  A water nymph skeleton (Crypt:2)
  3 hydra simulacra (Swamp:4)
  9 water moccasins
  A deep troll skeleton (Crypt:3)
  5 hell hounds (Spider:1)
  8 swamp drakes
  A floating eye (Gauntlet)
  A meliai simulacrum (D:13)
  A dream sheep zombie (Crypt:1)
  17 ice beasts
  2 swamp dragon zombies (Swamp:4)
  A sky beast (D:7)
  A demonspawn skeleton (Crypt:1)
  40 orc warriors
  A black bear (shapeshifter) (Elf:2)
  17 ogres
  9 wolves
  3 black bears
  8 centaurs
  A swamp dragon skeleton (Swamp:4)
  19 kobold brigands
  2 phantoms (D:5)
  2 gnoll sergeants
  8 bullfrogs
  4 necrophages
  4 scorpions
  A salamander skeleton (Crypt:3)
  4 earth elementals (Elf:3)
  7 wights
  28 killer bees
  10 electric eels
  13 howler monkeys
  10 hounds
  8 jellies
  15 orc priests
  5 iron imps
  A bullfrog skeleton (Crypt:2)
  6 gnoll boudas
  Jessica (D:2)
  Natasha (twice) (D:3)
  Ijyb (D:3)
  4 hell rats (Lair:1)
  2 iguanas (D:7)
  20 orc wizards
  A naga skeleton (Crypt:1)
  An ogre skeleton (Crypt:1)
  40 mummies
  Robin (D:2)
  31 gnolls
  3 river rats
  A swamp drake zombie (Crypt:3)
  7 adders
  A shadow imp (D:7)
  2 ufetubi (D:6)
  A worm (D:4)
  72 orcs
  10 ball pythons
  20 endoplasms
  7 giant cockroaches
  14 goblins
  9 hobgoblins
  4 jackals (D:5)
  5 quokkas
  3 bats
  A butterfly zombie (Crypt:2)
  6 frilled lizards
  A frilled lizard skeleton (Crypt:3)
  26 kobolds
  8 rats
2025 creatures vanquished.

Vanquished Creatures (others)
  A skeletal warrior (Tomb:2)
  A steelbarb worm (Spider:4)
  2 deep elf zephyrmancers (Elf:1)
  A guardian mummy (Tomb:2)
  A bloated husk (Swamp:2)
  A fire dragon skeleton (Tomb:2)
  A swamp worm (Swamp:1)
  2 mummies (Tomb:2)
  A bush (Lair:5)
  2 demonic plants (Gauntlet)
  4 foxfires (Swamp:1)
  34 fungi
  49 plants
100 creatures vanquished.

Grand Total: 2125 creatures vanquished

Notes
Turn   | Place    | Note
-------+----------+-------------------------------------------
     0 | D:1      | Zippel the Demonspawn Wanderer began the quest for the Orb.
     0 | D:1      | Zippel set off with the following items: a +0 spear, a +0
                  | buckler of protection, 10 poisoned darts, a +0 dagger, a
                  | scroll of teleportation, a +0 leather armour.
     0 | D:1      | Reached XP level 1. HP: 16/16 MP: 1/1
   241 | D:1      | Gained mutation: A meltable shield of frost defends you.
                  | (SH +4) [demonic ancestry]
   241 | D:1      | Reached XP level 2. HP: 19/22 MP: 2/2
   438 | D:1      | Found a faded altar of an unknown god.
  1118 | D:2      | Gained mutation: You have a small tail. [demonic ancestry]
  1118 | D:2      | Reached XP level 3. HP: 27/27 MP: 3/3
  1214 | D:2      | Reached skill level 1 in Dodging
  1230 | D:2      | Noticed Jessica
  1237 | D:2      | Killed Jessica
  1251 | D:2      | Gained mutation: You have a tail ending in a sharp stinger.
                  | [demonic ancestry]
  1251 | D:2      | Reached XP level 4. HP: 21/34 MP: 4/4
  1413 | D:2      | Noticed Robin
  1466 | D:2      | Killed Robin
  1931 | D:3      | Noticed Natasha
  1937 | D:3      | Killed Natasha
  2055 | D:3      | Reached XP level 5. HP: 39/39 MP: 5/5
  2061 | D:3      | Noticed Natasha
  2068 | D:3      | Killed Natasha
  2117 | D:3      | Got the Essays on the Birds and Dislocation
  2386 | D:3      | Found a radiant altar of Vehumet.
  2394 | D:3      | Noticed Ijyb
  2406 | D:3      | Killed Ijyb
  2573 | D:3      | Identified the ring "Aliell" {Fire Int+2}
  3054 | D:4      | Gained mutation: Your movements are slightly less
                  | encumbered by armour. (ER -2) [demonic ancestry]
  3054 | D:4      | Reached XP level 6. HP: 47/47 MP: 6/6
  3309 | D:4      | Reached skill level 1 in Stealth
  3823 | D:5      | Entered Level 5 of the Dungeon
  3832 | D:5      | Reached skill level 1 in Evocations
  3836 | D:5      | Gained mutation: Your movements are less encumbered by
                  | armour. (ER -4) [demonic ancestry]
  3836 | D:5      | Reached XP level 7. HP: 40/52 MP: 7/7
  4070 | D:5      | Reached skill level 1 in Long Blades
  4076 | D:5      | Noticed Prince Ribbit
  4265 | D:5      | Found a glowing drain.
  4269 | Sewer    | Entered a sewer
  4999 | Sewer    | Found a viscous altar of Jiyva.
  5246 | D:5      | Killed Prince Ribbit
  5247 | D:5      | Reached skill level 1 in Maces & Flails
  5247 | D:5      | Reached XP level 8. HP: 51/60 MP: 8/8
  6178 | D:6      | Noticed Eustachio
  6196 | D:6      | Killed Eustachio
  6197 | D:6      | Reached skill level 1 in Spellcasting
  6267 | D:6      | Found a large runed translucent door.
  6268 | D:6      | Found a large runed translucent door.
  6481 | D:6      | Reached XP level 9. HP: 56/66 MP: 11/11
  6795 | D:6      | Reached skill level 5 in Shields
  6820 | D:6      | Gained mutation: You passively map a small area around you.
                  | [potion of mutation]
  6820 | D:6      | Gained mutation: Your body sometimes deteriorates upon
                  | taking damage. [potion of mutation]
  6820 | D:6      | Gained mutation: You are dopey. (Int -2) [potion of
                  | mutation]
  6821 | D:6      | Lost mutation: Your body sometimes deteriorates upon taking
                  | damage. [potion of mutation]
  6821 | D:6      | Lost mutation: You passively map a small area around you.
                  | [potion of mutation]
  6821 | D:6      | Gained mutation: You are robust. (+10% HP) [potion of
                  | mutation]
  6821 | D:6      | Gained mutation: Your skin changes colour to match your
                  | surroundings (Stealth+). [potion of mutation]
  6821 | D:6      | Gained mutation: You have a somewhat thin skeletal
                  | structure. (Dex +2, Stealth+) [potion of mutation]
  7125 | D:6      | Found a corrupted altar of Lugonu.
  7127 | D:6      | Identified the +7 rapier of Calculation {distort, rCorr
                  | Str-3 Int+7 Dex-3}
  7149 | D:6      | Found a one-way gate to the infinite horrors of the Abyss.
  7331 | D:7      | Reached skill level 5 in Fighting
  7577 | D:7      | Found a staircase to the Ecumenical Temple.
  7584 | Temple   | Entered the Ecumenical Temple
  8024 | Temple   | Became a worshipper of Warmaster Okawaru
  8142 | D:7      | Reached skill level 1 in Invocations
  8311 | D:8      | Found a transporter.
  8311 | D:8      | Noticed TangoThomas's ghost (novice DsAK)
  8318 | D:8      | Noticed a gargoyle
  8325 | D:8      | Killed a gargoyle
  8325 | D:8      | Reached * piety under Okawaru
  8671 | D:8      | Found a transporter.
  8727 | D:8      | Gained mutation: You have a sharp stinger which inflicts
                  | weakening toxins. [demonic ancestry]
  8727 | D:8      | Reached XP level 10. HP: 81/81 MP: 13/13
  8848 | D:8      | Noticed Maggie
  8869 | D:8      | Killed Maggie
  8870 | D:8      | Reached skill level 5 in Throwing
  9165 | D:8      | Reached skill level 5 in Armour
  9178 | D:8      | Killed TangoThomas's ghost
  9539 | D:9      | Identified the +3 flail of Qazlal's Displeasure {speed,
                  | rF+}
  9611 | D:9      | Reached ** piety under Okawaru
  9641 | D:9      | Reached skill level 5 in Evocations
  9647 | D:9      | Reached skill level 5 in Long Blades
  9787 | D:9      | Reached *** piety under Okawaru
 10694 | D:10     | Entered Level 10 of the Dungeon
 10908 | D:10     | Noticed Lodul
 10923 | D:10     | Reached skill level 5 in Dodging
 10929 | D:10     | Killed Lodul
 10929 | D:10     | Reached **** piety under Okawaru
 10930 | D:10     | Reached XP level 11. HP: 53/89 MP: 14/14
 11205 | D:10     | Found a staircase to the Lair.
 11454 | D:10     | Reached ***** piety under Okawaru
 11458 | D:10     | Reached skill level 5 in Invocations
 11831 | D:10     | Identified the +3 helmet of the Prince of Darkness {Fly rC-
                  | Int+5} (Okawaru gifted it to you on level 10 of the
                  | Dungeon)
 11831 | D:10     | Received a gift from Okawaru
 11940 | Lair:1   | Entered Level 1 of the Lair of Beasts
 12983 | Lair:2   | Found a runed translucent door.
 12986 | Lair:2   | Noticed Quickbrownfox's ghost (journeyman DsIE)
 13021 | Lair:2   | Noticed Harold
 13044 | Lair:2   | Killed Harold
 13065 | Lair:2   | Noticed a death yak
 13066 | Lair:2   | Noticed Nergalle
 13067 | Lair:2   | Noticed a five-headed hydra
 13069 | Lair:2   | Noticed a death yak
 13078 | Lair:2   | Noticed a death yak
 13078 | Lair:2   | Noticed Erica
 13087 | Lair:2   | Killed Nergalle
 13087 | Lair:2   | Noticed a death yak
 13088 | Lair:2   | Killed a one-headed hydra
 13387 | Lair:2   | Killed Erica
 13388 | Lair:2   | Gained mutation: You regenerate magic rapidly. [demonic
                  | ancestry]
 13388 | Lair:2   | Reached XP level 12. HP: 69/97 MP: 16/16
 13551 | Lair:2   | Received a gift from Okawaru
 13572 | Lair:2   | Killed a death yak
 13573 | Lair:2   | Killed a death yak
 13582 | Lair:2   | Killed a death yak
 13590 | Lair:2   | Killed a death yak
 14000 | Lair:2   | Found a staircase to the Swamp.
 14072 | Lair:2   | Found a snail-covered altar of Cheibriados.
 14400 | Lair:2   | Killed Quickbrownfox's ghost
 14750 | Lair:3   | Found a hole to the Spider Nest.
 14762 | Lair:3   | Received a gift from Okawaru
 15270 | Lair:3   | Received a gift from Okawaru
 15391 | Lair:3   | You are sucked into a shaft and drop 2 floors!
 15391 | Lair:5   | Entered Level 5 of the Lair of Beasts
 15420 | Lair:5   | Received a gift from Okawaru
 15420 | Lair:5   | Reached ****** piety under Okawaru
 15614 | Lair:5   | Found a runed translucent door.
 15614 | Lair:5   | Found a viscous altar of Jiyva.
 15615 | Lair:5   | Found a staircase to the Slime Pits.
 15643 | Lair:5   | Gained mutation: A meltable icy envelope protects you from
                  | harm. (AC +8) [demonic ancestry]
 15643 | Lair:5   | Reached XP level 13. HP: 107/107 MP: 18/18
 16256 | Lair:5   | Received a gift from Okawaru
 16478 | Lair:5   | Identified the +1 pair of boots of Resilience {*Slow Fly
                  | rCorr Dex+4} (Okawaru gifted it to you on level 5 of the
                  | Lair of Beasts)
 16478 | Lair:5   | Received a gift from Okawaru
 17494 | Lair:4   | Noticed Kirke
 17515 | Lair:4   | Killed Kirke
 17788 | Spider:1 | Entered Level 1 of the Spider Nest
 17788 | Spider:1 | Noticed an emperor scorpion
 17795 | Spider:1 | Noticed an entropy weaver
 17827 | Lair:3   | Killed an emperor scorpion
 17874 | Spider:1 | Killed an entropy weaver
 18724 | Spider:1 | Noticed Asterion
 18744 | Spider:1 | Noticed a balrug
 18744 | Spider:1 | Killed Asterion
 18745 | Spider:1 | Gained mutation: A meltable icy envelope protects you from
                  | harm. (AC +8) [demonic ancestry]
 18745 | Spider:1 | Reached XP level 14. HP: 114/116 MP: 15/20
 18878 | Spider:1 | Reached skill level 10 in Shields
 18946 | Spider:1 | Received a gift from Okawaru
 19056 | Spider:1 | Noticed Azrael
 19075 | Spider:1 | Killed Azrael
 19177 | Spider:1 | Received a gift from Okawaru
 19292 | Spider:1 | Received a gift from Okawaru
 19735 | Spider:1 | Received a gift from Okawaru
 19736 | Spider:1 | Reached skill level 10 in Long Blades
 20212 | Spider:2 | Identified the +3 leather armour of the Morning {Will-
                  | Int+8}
 21062 | Spider:3 | Noticed an emperor scorpion
 21071 | Spider:3 | Killed an emperor scorpion
 21088 | Spider:3 | Received a gift from Okawaru
 21089 | Spider:3 | Reached XP level 15. HP: 126/126 MP: 21/21
 21090 | Spider:3 | Noticed Arachne
 21124 | Spider:3 | Killed Arachne
 21312 | Spider:3 | Reached skill level 10 in Fighting
 21499 | Spider:2 | Received a gift from Okawaru
 21630 | Spider:3 | Received a gift from Okawaru
 21839 | Spider:3 | Identified the +2 mace "Haem" {elec, rF+}
 22025 | Spider:4 | Entered Level 4 of the Spider Nest
 22139 | Spider:4 | Noticed an emperor scorpion
 22140 | Spider:4 | Noticed an emperor scorpion
 22249 | Spider:3 | Received a gift from Okawaru
 22319 | Spider:3 | Killed an emperor scorpion
 22627 | Spider:4 | Identified the +4 scale mail of Ximomera {*Slow rF+++ rC+++
                  | Regen+}
 22670 | Spider:4 | Noticed an emperor scorpion
 22726 | Spider:4 | Noticed Mlioglotl
 22729 | Spider:4 | Paralysed by a jorogumo for 1 turns
 22735 | Spider:3 | Reached skill level 10 in Invocations
 23028 | Spider:3 | Killed an emperor scorpion
 23029 | Spider:3 | Reached skill level 1 in Ice Magic
 23134 | Spider:4 | Killed Mlioglotl
 23135 | Spider:4 | Reached skill level 1 in Conjurations
 23424 | Spider:4 | Killed an emperor scorpion
 23578 | Spider:4 | Got a gossamer rune of Zot
 23928 | Swamp:1  | Entered Level 1 of the Swamp
 23971 | Swamp:1  | Received a gift from Okawaru
 24012 | Swamp:1  | Reached skill level 10 in Armour
 24012 | Swamp:1  | Reached XP level 16. HP: 111/135 MP: 23/23
 24185 | Swamp:1  | Identified the +0 robe "Keoge" {Will- Int+4 Archmagi}
 24219 | Swamp:1  | Found a runed translucent door.
 24540 | Swamp:1  | Identified the +2 plate armour of Proximity {+Blink rElec
                  | Dex-4} (Okawaru gifted it to you on level 1 of the Swamp)
 24540 | Swamp:1  | Received a gift from Okawaru
 24877 | Swamp:2  | Identified the +4 ring mail of Ru's Condemnation {rElec
                  | Regen+ Int-5 Dex+5}
 25660 | Swamp:3  | Noticed a tentacled monstrosity
 25671 | Swamp:3  | Killed a tentacled monstrosity
 26261 | Swamp:4  | Entered Level 4 of the Swamp
 26275 | Swamp:4  | Identified the +2 scimitar of Integrity {vorpal, Str+4}
                  | (Okawaru gifted it to you on level 4 of the Swamp)
 26275 | Swamp:4  | Received a gift from Okawaru
 26403 | Swamp:4  | Found a frozen archway.
 26416 | IceCv    | Entered an ice cave
 26716 | IceCv    | Reached skill level 10 in Dodging
 26755 | IceCv    | Gained mutation: Your presence sometimes corrodes those you
                  | injure. [demonic ancestry]
 26755 | IceCv    | Reached XP level 17. HP: 144/144 MP: 24/24
 26764 | IceCv    | Received a gift from Okawaru
 26998 | IceCv    | Noticed a shard shrike
 27045 | IceCv    | Killed a shard shrike
 27110 | IceCv    | Identified the amulet of Cecouth {rN+ Regen+ Dex+3}
 27616 | Swamp:4  | Reached skill level 5 in Conjurations
 27914 | Swamp:4  | Received a gift from Okawaru
 28069 | Swamp:4  | Identified the +7 hand axe of World Downfall {vorpal,
                  | +Blink Str+4} (Okawaru gifted it to you on level 4 of the
                  | Swamp)
 28069 | Swamp:4  | Received a gift from Okawaru
 28070 | Swamp:4  | Reached skill level 5 in Ice Magic
 28072 | Swamp:4  | Found a blossoming altar of Fedhas.
 28119 | Swamp:4  | Got a decaying rune of Zot
 28143 | Swamp:4  | Found a basalt altar of Yredelemnul.
 28684 | Slime:1  | Entered Level 1 of the Pits of Slime
 29000 | Slime:2  | Noticed an acid blob
 29011 | Slime:2  | Killed an acid blob
 29224 | Slime:2  | Noticed an acid blob
 29254 | Slime:2  | Killed an acid blob
 29702 | Slime:1  | Noticed an acid blob
 29720 | Slime:2  | Learned a level 3 spell: Frozen Ramparts
 29725 | Slime:2  | Learned a level 4 spell: Hailstorm
 29735 | Slime:1  | Killed an acid blob
 29740 | Slime:1  | Received a gift from Okawaru
 30475 | Slime:3  | Identified the +7 quarterstaff "Keysechu" {elec, rF+ Int+9
                  | Stlth-} (Okawaru gifted it to you on level 3 of the Pits of
                  | Slime)
 30475 | Slime:3  | Received a gift from Okawaru
 30483 | Slime:2  | Reached XP level 18. HP: 152/154 MP: 25/25
 30572 | Slime:3  | Noticed Dissolution
 30788 | D:11     | Found a staircase to the Orcish Mines.
 30880 | D:11     | Learned a level 5 spell: Freezing Cloud
 30886 | D:11     | Learned a level 5 spell: Lightning Bolt
 30924 | D:11     | Found a stormy altar of Qazlal.
 31679 | D:12     | Noticed Fannar
 31694 | D:12     | Killed Fannar
 31813 | D:12     | Reached skill level 1 in Staves
 32478 | D:12     | Identified the -1 pair of boots of Bewuar {Int-2 Slay+3
                  | Stlth+}
 32806 | D:13     | Noticed Frances
 32815 | D:13     | Reached skill level 1 in Air Magic
 32815 | D:13     | Killed Frances
 32852 | D:13     | Noticed Sonja
 32862 | D:13     | Killed Sonja
 32862 | D:13     | Received a gift from Okawaru
 32932 | D:13     | Found a snail-covered altar of Cheibriados.
 33188 | D:13     | Learned a level 4 spell: Airstrike
 33415 | Orc:1    | Entered Level 1 of the Orcish Mines
 33474 | Orc:1    | Found a transporter.
 33475 | Orc:1    | Found a bloodstained altar of Trog.
 33492 | Orc:1    | Found a transporter.
 33497 | Orc:1    | Noticed kalagan's ghost (journeyman DECj)
 33519 | Orc:1    | Found Qoubroiv's Magic Scroll Shoppe.
 33763 | Orc:1    | Bought a scroll of blinking for 127 gold pieces
 33985 | Orc:1    | Killed kalagan's ghost
 34106 | Orc:2    | Entered Level 2 of the Orcish Mines
 34106 | Orc:2    | Found a staircase to the Elven Halls.
 34117 | Orc:2    | Found Ruapug's General Store.
 34290 | Orc:2    | Found Buqo's Antique Weapon Emporium.
 34338 | Orc:2    | Found a gate leading to a gauntlet.
 34345 | Gauntlet | Entered a Gauntlet
 34345 | Gauntlet | Found a transporter.
 34345 | Gauntlet | Found a transporter.
 34388 | Gauntlet | Found a transporter.
 34388 | Gauntlet | Found a transporter.
 34391 | Gauntlet | Found a transporter.
 34401 | Gauntlet | Found a transporter.
 34406 | Gauntlet | Found a transporter.
 34433 | Gauntlet | Found a transporter.
 34438 | Gauntlet | Found a transporter.
 34457 | Gauntlet | Found a transporter.
 34465 | Gauntlet | Found a transporter.
 34483 | Gauntlet | Found a transporter.
 34820 | Gauntlet | Identified the +2 pair of gloves "Qainex" {rElec Will-
                  | Dex+2}
 34831 | Gauntlet | Identified the +9 war axe of Muddel {holy, MP+9}
 34887 | Gauntlet | Identified the +7 short sword of Solemn Courage {freeze,
                  | *Rage rN++ Str-2 Dex+2}
 34945 | Orc:2    | Found Rugafux's Antique Armour Shop.
 35194 | Orc:2    | Found Plog's Jewellery Boutique.
 35463 | Orc:2    | Bought a spiked scale mail for 198 gold pieces
 35463 | Orc:2    | Identified the +1 scale mail "Hiuffieh" {Will++ Int+2} (You
                  | bought it in a shop on level 2 of the Orcish Mines)
 35463 | Orc:2    | Bought a masterwork ring mail for 198 gold pieces
 35463 | Orc:2    | Identified the +5 ring mail of Knowledge {rF+ rN+ Str+3}
                  | (You bought it in a shop on level 2 of the Orcish Mines)
 35486 | Orc:2    | Bought a scorched broad axe for 180 gold pieces
 35486 | Orc:2    | Identified the +5 broad axe "Ewoekove" {venom, Int+4} (You
                  | bought it in a shop on level 2 of the Orcish Mines)
 35925 | Slime:2  | Killed Dissolution
 35925 | Slime:2  | Identified the +5 scale mail "Abanodaa" {rF+ Dex+2}
                  | (Okawaru gifted it to you on level 2 of the Pits of Slime)
 35925 | Slime:2  | Received a gift from Okawaru
 36839 | Slime:4  | Gained mutation: You occasionally shout uncontrollably at
                  | your foes. [a shining eye]
 36842 | Slime:4  | Reached skill level 5 in Spellcasting
 37477 | Slime:5  | Entered Level 5 of the Pits of Slime
 37614 | Slime:5  | Reached XP level 19. HP: 156/161 MP: 4/27
 37724 | Slime:5  | Gained mutation: Your magical capacity is low. (-10% MP) [a
                  | shining eye]
 37725 | Slime:5  | Noticed the Royal Jelly
 37758 | Slime:5  | Received a gift from Okawaru
 37762 | Slime:5  | Paralysed by a great orb of eyes for 3 turns
 37770 | Slime:5  | Killed the Royal Jelly
 37914 | Slime:5  | Identified the +11 mace "Koiruh" {holy, rElec}
 37922 | Slime:5  | Identified the ring of Epseybeci {rElec rN+++ Will+ MP+9
                  | Dex-2}
 37928 | Slime:5  | Identified the +1 ring mail "Jynaluchi" {rPois}
 37979 | Slime:5  | Got a slimy rune of Zot
 38326 | Slime:5  | Received a gift from Okawaru
 38327 | Slime:5  | Reached skill level 5 in Air Magic
 38681 | Slime:5  | Lost mutation: Your skin changes colour to match your
                  | surroundings (Stealth+). [potion of mutation]
 38681 | Slime:5  | Lost mutation: Your magical capacity is low. (-10% MP)
                  | [potion of mutation]
 38681 | Slime:5  | Lost mutation: You occasionally shout uncontrollably at
                  | your foes. [potion of mutation]
 38681 | Slime:5  | Gained mutation: You possess an exceptional clarity of
                  | mind. [potion of mutation]
 38681 | Slime:5  | Gained mutation: Your muscles are strong. (Str +4, Int/Dex
                  | -1) [potion of mutation]
 38682 | Slime:5  | Lost mutation: Your muscles are strong. (Str +4, Int/Dex
                  | -1) [potion of mutation]
 38682 | Slime:5  | Lost mutation: You possess an exceptional clarity of mind.
                  | [potion of mutation]
 38682 | Slime:5  | Gained mutation: Your body sometimes deteriorates upon
                  | taking damage. [potion of mutation]
 38682 | Slime:5  | Gained mutation: You have sharp toenails. [potion of
                  | mutation]
 38683 | Slime:5  | Lost mutation: Your body sometimes deteriorates upon taking
                  | damage. [potion of mutation]
 38683 | Slime:5  | Lost mutation: You have a somewhat thin skeletal structure.
                  | (Dex +2, Stealth+) [potion of mutation]
 38683 | Slime:5  | Lost mutation: You are robust. (+10% HP) [potion of
                  | mutation]
 38683 | Slime:5  | Lost mutation: You are dopey. (Int -2) [potion of mutation]
 38683 | Slime:5  | Gained mutation: You are agile. (Dex +4, Str/Int -1)
                  | [potion of mutation]
 38683 | Slime:5  | Gained mutation: You have a pair of small horns on your
                  | head. [potion of mutation]
 38684 | Slime:5  | Lost mutation: You are agile. (Dex +4, Str/Int -1) [potion
                  | of mutation]
 38684 | Slime:5  | Lost mutation: You have a pair of small horns on your head.
                  | [potion of mutation]
 38684 | Slime:5  | Lost mutation: You have sharp toenails. [potion of
                  | mutation]
 38684 | Slime:5  | Gained mutation: Your spells are a little easier to cast,
                  | but a little less powerful. [potion of mutation]
 38685 | Slime:5  | Lost mutation: Your spells are a little easier to cast, but
                  | a little less powerful. [potion of mutation]
 38685 | Slime:5  | Gained mutation: You expend magic power (3 MP) to
                  | strengthen your wands. [potion of mutation]
 38685 | Slime:5  | Gained mutation: You have sharp fingernails. [potion of
                  | mutation]
 38685 | Slime:5  | Gained mutation: You are robust. (+10% HP) [potion of
                  | mutation]
 38968 | Elf:1    | Entered Level 1 of the Elven Halls
 39210 | Elf:1    | Identified the +9 great mace of Okawaru's Anger {spect,
                  | Will+ Str+6 Stlth+} (Okawaru gifted it to you on level 1 of
                  | the Elven Halls)
 39210 | Elf:1    | Received a gift from Okawaru
 40588 | Elf:2    | Noticed Agnes
 40595 | Elf:2    | Killed Agnes
 40681 | Elf:2    | Received a gift from Okawaru
 40755 | Elf:2    | Received a gift from Okawaru
 41110 | Elf:2    | Received a gift from Okawaru
 41511 | Elf:2    | Found a huge runed translucent gate.
 41511 | Elf:2    | Found a huge runed translucent gate.
 41511 | Elf:2    | Found a huge runed translucent gate.
 41511 | Elf:2    | Found a huge runed translucent gate.
 41511 | Elf:2    | Found a huge runed translucent gate.
 41748 | Elf:2    | Received a gift from Okawaru
 42077 | Elf:2    | Reached XP level 20. HP: 151/169 MP: 32/32
 42268 | Elf:3    | Entered Level 3 of the Elven Halls
 42305 | Elf:3    | Paralysed by an air elemental for 1 turns
 42969 | Elf:3    | Paralysed by an air elemental for 1 turns
 43154 | Elf:3    | Received a gift from Okawaru
 43197 | Elf:3    | Received a gift from Okawaru
 43222 | Elf:3    | Reached skill level 15 in Armour
 43440 | Elf:3    | Received a gift from Okawaru
 43472 | Elf:3    | Received a gift from Okawaru
 43512 | Elf:3    | Identified the +0 morningstar "Vimnous" {drain, rN+ Will+
                  | Str-4 Stlth+}
 43524 | Elf:3    | Reached skill level 10 in Spellcasting
 43524 | Elf:3    | Identified the +1 buckler of the Shining Light {+Blink
                  | rElec Stlth+}
 43659 | Elf:3    | Identified the +4 shortbow of Iwkiurops {flame, Str+4
                  | Dex+7}
 43665 | Elf:3    | Identified the +4 chain mail of Hairiness {-Cast Harm rPois
                  | rF+}
 43682 | Elf:3    | Got the Opusculum on Interference
 43824 | Elf:3    | Identified the +11 glaive "Killer Klown's Curse" {vorpal,
                  | Str+4 Stlth+}
 43828 | Elf:3    | Identified the +4 short sword of Propriety {spect, Will+
                  | rCorr}
 43863 | Elf:3    | Identified the ring "Pumuf" {+Blink rPois Dex+3 SInv}
 43989 | Elf:3    | Learned a level 3 spell: Ozocubu's Armour
 44480 | D:14     | Found a runed translucent door.
 45134 | D:14     | Found a gate to the Vaults.
 45663 | D:14     | Identified the ring of Scepticism {Fly rF+}
 45731 | D:14     | Identified the +6 plate armour of Poguokk {rPois Will+
                  | Int+3}
 45856 | Vaults:1 | Entered Level 1 of the Vaults
 45873 | Vaults:1 | Noticed Nikola
 45887 | Vaults:1 | Killed Nikola
 45952 | Vaults:1 | Noticed Zenata
 45963 | Vaults:1 | Killed Zenata
 46015 | Vaults:1 | Received a gift from Okawaru
 46141 | Vaults:1 | Learned a level 2 spell: Wereblood
 46477 | Vaults:1 | Received a gift from Okawaru
 46478 | Vaults:1 | Reached skill level 1 in Transmutations
 46485 | Vaults:1 | Reached XP level 21. HP: 176/176 MP: 32/35
 46548 | Vaults:1 | Identified the +8 hand axe "Topluala" {protect, rPois Will+
                  | Str+2} (Okawaru gifted it to you on level 1 of the Vaults)
 46548 | Vaults:1 | Received a gift from Okawaru
 46969 | Vaults:1 | Reached skill level 10 in Ice Magic
 47054 | Vaults:1 | Found Veirchuuq's General Store.
 47673 | Vaults:2 | Reached skill level 15 in Shields
 47684 | Vaults:2 | Received a gift from Okawaru
 47950 | Vaults:2 | Received a gift from Okawaru
 48767 | Vaults:2 | Received a gift from Okawaru
 48832 | Vaults:2 | Found a staircase to the Crypt.
 48866 | Crypt:1  | Entered Level 1 of the Crypt
 48895 | Crypt:1  | Noticed Grunn
 48908 | Crypt:1  | Received a gift from Okawaru
 48964 | Crypt:1  | Identified the +8 chain mail of Lilacs {Stlth+} (Okawaru
                  | gifted it to you on level 1 of the Crypt)
 48964 | Crypt:1  | Received a gift from Okawaru
 49082 | Crypt:1  | Reached skill level 5 in Transmutations
 49160 | Crypt:1  | Reached skill level 10 in Throwing
 49271 | Crypt:1  | Killed Grunn
 49563 | Crypt:1  | Gained mutation: When hurt, damage is shared between your
                  | health and your magic reserves. [demonic ancestry]
 49563 | Crypt:1  | Reached XP level 22. HP: 184/184 MP: 37/37
 49804 | Crypt:1  | Got Eqeoz's Tractate on Shocking Hoarfrost
 49861 | Crypt:1  | Identified the +2 leather armour of Zeric {Harm Int+8}
 50112 | Crypt:1  | Identified a scroll of acquirement
 50114 | Crypt:1  | Acquired 1040 gold pieces
 50859 | Crypt:2  | Received a gift from Okawaru
 51251 | Crypt:3  | Entered Level 3 of the Crypt
 51258 | Crypt:3  | Noticed an ancient lich
 51286 | Crypt:3  | Killed an ancient lich
 51287 | Crypt:3  | Reached skill level 1 in Hexes
 51348 | Crypt:3  | Identified the +4 hand crossbow "Fitit" {penet, rF+ Will+
                  | Str+4} (Okawaru gifted it to you on level 3 of the Crypt)
 51348 | Crypt:3  | Received a gift from Okawaru
 52005 | Crypt:3  | Noticed Boris
 52040 | Crypt:3  | Killed Boris
 52040 | Crypt:3  | Received a gift from Okawaru
 52315 | Crypt:3  | Reached skill level 1 in Ranged Weapons
 52333 | Crypt:3  | Identified the +5 tower shield "Feusm" {rC+} (Okawaru
                  | gifted it to you on level 3 of the Crypt)
 52333 | Crypt:3  | Received a gift from Okawaru
 52406 | Crypt:3  | Found a staircase to the Tomb.
 52588 | Crypt:3  | Identified the ring of the Two Names {Str-5 Int+6 Dex+5}
 52659 | Crypt:3  | Found an ancient bone altar of Kikubaaqudgha.
 52673 | Crypt:3  | Reached skill level 10 in Conjurations
 52874 | Crypt:3  | Learned a level 5 spell: Silence
 53434 | Crypt:3  | Identified the +1 cloak "Kiangioz" {rPois rCorr}
 53609 | Tomb:1   | Entered Level 1 of the Tomb of the Ancients
 53743 | Tomb:1   | Paralysed by a sphinx for 3 turns
 53755 | Tomb:1   | Gained mutation: When low on magic, you restore magic in
                  | place of health. [demonic ancestry]
 53755 | Tomb:1   | Reached XP level 23. HP: 184/192 MP: 38/38
 53781 | Tomb:1   | Reached skill level 5 in Hexes
 54159 | Tomb:1   | Noticed a royal mummy
 54310 | Tomb:1   | Killed a royal mummy
 54392 | Tomb:1   | Noticed a royal mummy
 54576 | Tomb:1   | Killed a royal mummy
 54951 | Tomb:2   | Noticed a royal mummy
 54951 | Tomb:2   | Noticed a royal mummy
 54953 | Arena    | Entered the Arena
 54964 | Arena    | Killed a royal mummy
 54973 | Arena    | Entered the Arena
 54988 | Arena    | Killed a royal mummy
 55004 | Tomb:2   | Noticed a royal mummy
 55006 | Tomb:2   | Noticed a royal mummy
 55028 | Tomb:2   | Received a gift from Okawaru
 55059 | Arena    | Entered the Arena
 55072 | Arena    | Killed a royal mummy
 55073 | Arena    | Reached skill level 10 in Air Magic
 55091 | Tomb:2   | Identified the +1 ring mail of the Armoured One {rElec
                  | Will+} (Okawaru gifted it to you on level 2 of the Tomb of
                  | the Ancients)
 55091 | Tomb:2   | Received a gift from Okawaru
 55131 | Tomb:2   | HP: 7/193 [vampire[a mummy priest] (4)]
 55133 | Tomb:2   | HP: 2/193 [spectral harpy[a mummy priest] (3)]
 55139 | Tomb:2   | HP: 6/193 [jiangshi[a mummy priest] (5)]
 55145 | Tomb:2   | Gained mutation: You are clumsy. (Dex -2) [mutagenic glow]
 55156 | Tomb:2   | Gained mutation: You have a pair of small horns on your
                  | head. [mutagenic glow]
 55158 | Tomb:2   | HP: 8/193 [guardian mummy (2)]
 55162 | Tomb:2   | HP: 2/193 [fire dragon skeleton (2)]
 55272 | Tomb:2   | Lost mutation: You have a pair of small horns on your head.
                  | [potion of mutation]
 55272 | Tomb:2   | Lost mutation: You have sharp fingernails. [potion of
                  | mutation]
 55272 | Tomb:2   | Gained mutation: You are strong-willed. (Will+) [potion of
                  | mutation]
 55272 | Tomb:2   | Lost mutation: You are clumsy. (Dex -2) [potion of
                  | mutation]
 55461 | Arena    | Entered the Arena
 55471 | Arena    | Killed a royal mummy
 55497 | Tomb:2   | HP: 6/193 [bennu (4)]
 55499 | Tomb:2   | Engulfed by a cloud of freezing vapour

Illustrated notes

Levels and vault maps discovered:
D:1:      saegor_arrival_simple_a, layout_loops_ring,
          hellmonk_ecumenical_altar_inner_sanctum
D:2:      layout_rooms, uniq_robin, uniq_jessica
D:3:      layout_basic, nicolae_vehumet_radiance, uniq_ijyb, uniq_natasha
D:4:      layout_loops_cross
D:5:      layout_gridville, serial_glass, glass_columns_b, glass_columns_c,
          glass_columns_a, glass_columns_b, glass_columns_b, glass_columns_b,
          glass_columns_a, glass_columns_a, glass_columns_a, glass_columns_c,
          gup_sewer_entry_spiral, grunt_ministairs_7,
          dreamdust_mushroom_princess, uniq_prince_ribbit1
D:6:      due_chaos_kobolds, layout_cave_pools, amethyst_killhole,
          uniq_eustachio
D:7:      layout_basic, minmay_temple_entry_slanted
D:8:      layout_loops_cross, gammafunk_ghost_arena, uniq_maggie
D:9:      layout_basic
D:10:     layout_roguey [special_room_kobold], erik_lair_island, uniq_lodul
D:11:     layout_cave_pools, minmay_orc_entry_temple_small,
          nicolae_qazlal_general_emergency
D:12:     minmay_twisted_water, layout_basic, uniq_fannar
D:13:     layout_grid_maze, slow_altar_2, uniq_sonja, uniq_frances
D:14:     layout_basic, david_vaults_4, nicolae_figureground_pulse,
          grunt_decor_cap, chequers_serial_rivers_micro_c, minmay_crystal_box
Temple:   mainiacjoe_temple_trianglar_array
Lair:1:   layout_gridlike
Lair:2:   layout_cave_shapes, minmay_swamp_entry_worms,
          hellmonk_ghost_happy_afterlife, basic_altar, lemuel_fruit_fields,
          grunt_megastairs_4, uniq_nergalle, uniq_erica, uniq_harold
Lair:3:   layout_loops_ring, nicolae_spider_entry_orb_guardian
Lair:4:   layout_regular_city, grunt_forest_large_clearing_hut, uniq_kirke
Lair:5:   grunt_lair_end_beastmaster, layout_small_grid, slime_entry_2
Swamp:1:  gammafunk_mikee_crab_dinner, layout_basic_swamp,
          evilmike_swamp_ruin_house_2
Swamp:2:  nicolae_swamp_tree_isthmus, layout_falls_marsh,
          evilmike_swamp_ruin_rubble_1
Swamp:3:  layout_basic_swamp, nicolae_swamp_dense_foliage, swamp_pool1,
          nicolae_swamp_soggy_hallways
Swamp:4:  byrel_swamp_growth_death_and_undeath, layout_basic_swamp,
          portal_ice_cave_entry_pillars_four
Spider:1: layout_spider_delve, uniq_asterion, uniq_azrael
Spider:2: layout_spider_delve, special_room [special_room_bee],
          nicolae_orb_island
Spider:3: layout_spider_delve, special_room, uniq_arachne
Spider:4: grunt_spider_rune_island, nicolae_spider_twisty_arc_passages,
          uniq_mlioglotl
Slime:1:  layout_caves
Slime:2:  layout_caves
Slime:3:  layout_caves, uniq_dissolution
Slime:4:  layout_caves, nicolae_slime_round_cave
Slime:5
Orc:1:    layout_diamond_mine, gammafunk_ghost_wrathful_warriors, serial_shops,
          nicolae_shop_window_shopping
Orc:2:    grunt_orc_gardens, layout_diamond_mine, grunt_orc_garden,
          grunt_orc_garden, grunt_orc_garden, grunt_orc_garden,
          gauntlet_entry_generic, minmay_orc_temple_a
Elf:1:    elf_arrival_002, layout_geoelf_octagon,
          hangedman_elven_crosses_minicolossus, minmay_misc_feat_rows
Elf:2:    elven_hall_of_blades_hangedman_alternative
          [mumra_blade_entry_bloodbath], layout_gridlike, kb_rosetta, uniq_agnes
Elf:3:    minmay_elf_hall_spiked, layout_gridlike
Vaults:1: hangedman_vaults_nodes, nicolae_vaults_big_ls,
          nicolae_vaults_triangles, v_alt_pattern_6, vaults_room_pools,
          ontoclasm_vaults_gateway, vaults_standard_mumra_x,
          hangedman_vaults_hat, nicolae_vaults_asterisk,
          grunt_vaults_hallway_long, vaults_dpeg_spiral, grunt_vaults_diagonal,
          ontoclasm_vaults_ring_square, layout_vaults_omnibox, serial_shops,
          nicolae_shop_behind_doors, uniq_zenata, uniq_nikola
Vaults:2: hangedman_vaults_stream, vaults_room_hallway,
          ontoclasm_vaults_ring_large, hangedman_vaults_maws,
          minmay_crypt_entry_simple_sparse, vaults_room_large_hall,
          vaults_standard_mumra_lines, nicolae_vaults_big_angled_halls,
          v_alt_pattern_5, v_rooms_1, nicolae_vaults_angled_halls,
          hangedman_vaults_restitches, v_misc_13, vaults_dpeg_doors,
          layout_vaults_maze
Crypt:1:  layout_gridlike, hangedman_batty, grunt_megastairs_5, uniq_grunn
Crypt:2:  layout_regular_city
Crypt:3:  church_of_pain_bobbens, layout_chaotic_city,
          tomb_entry_sphere_bobbens, uniq_boris
Tomb:1
Tomb:2

Skill      XL: |  1  2  3  4  5  6  7  8  9 10 11 12 13 14 15 16 17 18 19 20 21 22 23 |
---------------+----------------------------------------------------------------------+-----
Shields        | 3 4 5 6 7 8 9 11 12 13 14 15 16 | 16.7
Dodging        | 1 2 3 4 5 6 7 8 9 10 11 12 | 12.2
Throwing       | 3 4 5 6 7 8 9 10 | 10.0
Armour         | 2 3 4 5 6 7 8 9 10 11 12 13 14 15 16 | 16.5
Fighting       | 3 4 5 6 7 8 9 10 11 12 13 | 13.5
Stealth        | 1 2 3 4 |  4.8
Evocations     | 1 2 3 4 5 6 7 |  7.9
Long Blades    | 2 4 5 7 8 9 10 11 12 13 | 13.7
Maces & Flails | 1 2 |  2.8
Spellcasting   | 1 2 5 8 10 11 12 | 12.2
Invocations    | 2 4 6 7 8 10 | 10.5
Ice Magic      | 1 3 5 7 8 9 10 | 10.5
Conjurations   | 1 4 6 7 8 9 10 | 10.1
Staves         | 3 4 |  4.6
Air Magic      | 4 7 8 9 10 | 10.0
Transmutations | 1 5 6 |  6.2
Hexes          | 4 6 |  6.5
Ranged Weapons | 2 4 |  4.6
Short Blades   | |  0.7
Polearms       | |  1.6
Unarmed Combat | |  0.1

Action                   |  1- 3 |  4- 6 |  7- 9 | 10-12 | 13-15 | 16-18 | 19-21 | 22-24 || total
-------------------------+-------+-------+-------+-------+-------+-------+-------+-------++-------
Melee: Spear             |    96 |    55 |       |       |       |       |       |       ||   151
       Tailslap          |     1 |    16 |    35 |   108 |   209 |   406 |   177 |   234 ||  1186
       Dagger            |       |    32 |       |       |       |       |       |       ||    32
       Long sword        |       |    43 |    92 |       |       |       |       |       ||   135
       Eveningstar       |       |       |    92 |       |       |       |       |       ||    92
       Scimitar          |       |       |   110 |   534 |   976 |  1192 |   528 |   817 ||  4157
       Unarmed           |       |       |       |       |     7 |       |       |       ||     7
       Demon blade       |       |       |       |       |       |    10 |       |       ||    10
       Quarterstaff      |       |       |       |       |       |   372 |   202 |       ||   574
       Headbutt          |       |       |       |       |       |       |       |     5 ||     5
 Fire: Hand crossbow     |       |       |       |       |       |       |       |   184 ||   184
Throw: Dart              |    51 |    76 |    38 |   152 |   304 |   119 |    89 |       ||   829
       Boomerang         |       |       |    48 |   100 |    81 |   114 |     1 |       ||   344
       Javelin           |       |       |       |       |    10 |    23 |    15 |    20 ||    68
       Throwing net      |       |       |       |       |     2 |       |       |     5 ||     7
 Cast: Freezing Cloud    |       |       |       |       |       |    94 |   203 |    36 ||   333
       Airstrike         |       |       |       |       |       |    24 |   130 |    70 ||   224
       Lightning Bolt    |       |       |       |       |       |    19 |    84 |    74 ||   177
       Frozen Ramparts   |       |       |       |       |       |    15 |    56 |     1 ||    72
       Hailstorm         |       |       |       |       |       |    10 |     5 |     2 ||    17
       Ozocubu's Armour  |       |       |       |       |       |       |    42 |    42 ||    84
       Wereblood         |       |       |       |       |       |       |    17 |    21 ||    38
       Silence           |       |       |       |       |       |       |       |     1 ||     1
Invok: Heroism           |       |       |       |     8 |     5 |     5 |     4 |     3 ||    25
       Finesse           |       |       |       |     3 |     4 |     1 |     2 |     2 ||    12
       Duel              |       |       |       |       |       |       |       |     4 ||     4
 Abil: Evoke Blink       |       |       |       |       |       |       |     1 |    12 ||    13
Evoke: Wand              |       |     5 |     6 |     2 |    12 |    42 |    30 |    10 ||   107
       Lightning rod     |       |       |       |       |    10 |    17 |     5 |     8 ||    40
       Tin of tremorston |       |       |       |       |       |       |     2 |     5 ||     7
       Condenser vane    |       |       |       |       |       |       |     2 |     2 ||     4
       Phial of floods   |       |       |       |       |       |       |       |     1 ||     1
  Use: Potion            |       |       |    10 |     4 |     5 |     7 |    16 |    24 ||    66
       Scroll            |       |       |     2 |     9 |    15 |    10 |    13 |    22 ||    71
 Stab: Sleeping          |     1 |     4 |     7 |       |       |    20 |     2 |       ||    34
       Petrified         |       |       |       |       |     6 |       |       |       ||     6
       Distracted        |       |       |       |       |       |     2 |     1 |     1 ||     4
       Held in net/web   |       |       |       |       |       |       |       |     4 ||     4
Armor: Leather armour    |    19 |    36 |    40 |       |       |       |       |       ||    95
       Skin              |       |       |    29 |       |     3 |       |       |       ||    32
       Ring mail         |       |       |    53 |     4 |       |       |       |       ||    57
       Crystal plate arm |       |       |       |   351 |   792 |       |       |       ||  1143
       Scale mail        |       |       |       |       |    47 |   884 |   486 |   667 ||  2084
Dodge: Dodged            |    30 |    45 |   151 |   146 |   362 |  1334 |   686 |   853 ||  3607
Block: Buckler           |    24 |    52 |   186 |   311 |       |       |       |       ||   573
       Kite shield       |       |       |       |    17 |  1413 |  1619 |   823 |  1357 ||  5229
       Other             |       |       |       |       |     5 |    78 |    34 |       ||   117
       Tower shield      |       |       |       |       |       |       |       |   264 ||   264
